 Dungeon Crawl Stone Soup version 0.30-b1-2-g02819fbbbe (webtiles) character file.

Game seed: 287558666423403396

704 Hyawatha the Slasher (level 7, 0/94 HPs)
             Began as an Armataur Berserker on May 7, 2023.
             Was a Believer of Trog.
             Slain by a wyvern (15 damage)
             ... on level 8 of the Dungeon.
             The game lasted 00:07:24 (2413 turns).

Hyawatha the Slasher (Armataur Berserker)           Turns: 2413, Time: 00:07:24

Health: 0/94       AC:  8    Str: 23    XL:     7   Next: 39%
Magic:  7/7        EV:  9    Int:  7    God:    Trog [**....]
Gold:   314        SH:  5    Dex: 11    Spells: 6/6 levels left

rFire   . . .        a - +0 falchion (elec)
rCold   . . .        g - +2 buckler
rNeg    . . .        j - +2 leather armour {Will+}
rPois   +            (no helmet)
rElec   .            i - +0 cloak
rCorr   .            (no gloves)
SInv    .            (no barding)
Will    +....        d - amulet of regeneration Stlth
                     l - ring of poison resistance
HPRegen 1.15/turn    (no ring)
MPRegen 0.10/turn

%: roll
@: berserking, very quick
A: large, rugged brown scales 3, deformed body, armoured tail, roll, long
tongue, awkward tongue
a: Renounce Religion, Berserk, Trog's Hand


You were on level 8 of the Dungeon.
You worshipped Trog.
Trog was pleased with you.
You visited 1 branch of the dungeon, and saw 7 of its levels.

You collected 314 gold pieces.

Inventory:

Hand Weapons
 a - a +0 falchion of electrocution (weapon)
Missiles
 r - 6 curare-tipped darts (quivered)
Armour
 c - a +3 chain mail
 g - a +2 buckler (worn)
 i - a +0 cloak (worn)
 j - a +2 leather armour of willpower (worn)
Jewellery
 d - an amulet of regeneration (around neck)
 l - a ring of poison resistance (left hand)
 s - a ring of fire
Scrolls
 p - a scroll of blinking {unknown}
 q - a scroll of teleportation
Potions
 b - 4 potions of curing
 e - a potion of magic
 f - 4 potions of brilliance {unknown}
 h - a potion of degeneration {unknown}
 k - a potion of attraction {unknown}
 m - a potion of cancellation {unknown}
 n - 3 potions of flight {unknown}
 o - a potion of ambrosia {unknown}


   Skills:
 * Level 4.2 Fighting
 * Level 5.5 Long Blades
 * Level 4.2 Armour
 + Level 2.1 Dodging
 * Level 3.6 Stealth
 + Level 1.1 Shields


You had 6 spell levels left.
You didn't know any spells.
Your spell library was empty.

Dungeon Overview and Level Annotations

Branches:
Dungeon (9/15)
 Temple: D:4-7         Lair: D:8-11         Orc: D:9-12

Altars:


Innate Abilities, Weirdness & Mutations

You are completely covered in rugged brown scales. (AC +3, +7% HP)
Armour fits poorly on your strangely shaped body.
You have a long armoured tail.
You roll when moving toward enemies. (Rampage)
Your long tongue fully drains potion bottles. (2x potion effects)
Your tongue gives you trouble enunciating. (1.5x scroll delay)


Message History

Your Shields skill increases to level 1!
You have reached level 7!
You barely miss the wolf. The wolf bites you but does no damage.
You barely miss the wolf. The wolf bites you!
* * * LOW HITPOINT WARNING * * *
Unknown command.
You slash the wolf!
Your tail-slap misses the wolf.
The wolf is severely wounded.
The wolf bites you.
* * * LOW HITPOINT WARNING * * *
You slash the wolf!
You kill the wolf!
Trog accepts your kill.
Your Armour skill increases to level 4!
Unknown command.
You closely miss the wolf.
Your tail-slap misses the wolf.
The wolf bites you but does no damage.
You slash the wolf!
The wolf is moderately wounded.
The wolf bites you but does no damage.
You hit the wolf.
The wolf is heavily wounded.
The wolf bites you but does no damage. The wolf bites you.
* * * LOW HITPOINT WARNING * * *
Unknown command.
You slash the wolf!
You kill the wolf!
Trog accepts your kill.
Unknown command.
You hit the wyvern.
The wyvern is lightly wounded.
The wyvern bites you.
* * * LOW HITPOINT WARNING * * *
You closely miss the wyvern.
Your tail-slap misses the wyvern.
The wyvern is lightly wounded.
The wyvern bites you but does no damage.
You slash the wyvern!
The wyvern is moderately wounded.
The wyvern bites you!
You die...

#....#.......g............
#.#.....#..................
####....#..................
##......................
##### #..........##..........
....##
##.....####.............
....# #.....h##
#..........#.. #..##.##.#>#l#
#............. #...#
#...#@##....#.........
#..[###...##......##....##..
##.........#......#......##..
#....[......................#
#..###.....................##
#.## ##..............#.......
#.# ##......##.....#...#... #
#.# ######.###.....#.##... ##
##.# #.# #.....#.#.#..


You could see a wyvern and a wolf.

Vanquished Creatures
  Grum (D:8)
  3 wolves (D:8)
  A centaur (D:8)
  2 scorpions
  A hound (D:8)
  An iguana (D:4)
  3 adders
  A white imp (D:8)
  A worm (D:3)
  A dart slug (D:2)
  4 bats
  6 endoplasms
  2 giant cockroaches (D:3)
  6 goblins
  5 hobgoblins
  3 quokkas
  A ball python (D:1)
  A kobold (D:2)
  4 rats
47 creatures vanquished.

Notes
Turn   | Place    | Note
-------+----------+-------------------------------------------
     0 | D:1      | Hyawatha the Armataur Berserker began the quest for the
                  | Orb.
     0 | D:1      | Reached XP level 1. HP: 19/19 MP: 1/1
   305 | D:1      | Reached XP level 2. HP: 26/26 MP: 2/2
   336 | D:1      | Reached skill level 3 in Long Blades
   966 | D:2      | Reached skill level 1 in Stealth
   966 | D:2      | Reached XP level 3. HP: 33/33 MP: 3/3
  1099 | D:2      | Found a faded altar of an unknown god.
  1399 | D:3      | Reached ** piety under Trog
  1512 | D:3      | Reached XP level 4. HP: 40/40 MP: 4/4
  1866 | D:4      | Noticed a scorpion
  1872 | D:4      | Killed a scorpion
  1899 | D:4      | Reached skill level 4 in Long Blades
  1899 | D:4      | Reached XP level 5. HP: 41/48 MP: 5/5
  1948 | D:4      | You fall into a shaft and drop 3 floors!
  2040 | D:9      | Noticed a centaur
  2041 | D:9      | Noticed a water moccasin
  2352 | D:8      | Noticed a wolf
  2353 | D:8      | Noticed Grum
  2355 | D:8      | Noticed a wolf
  2356 | D:8      | Noticed a wolf
  2362 | D:8      | Noticed a centaur
  2365 | D:8      | Killed a centaur
  2366 | D:8      | Reached XP level 6. HP: 36/55 MP: 6/6
  2391 | D:8      | Noticed a wyvern
  2399 | D:8      | Killed Grum
  2400 | D:8      | Reached skill level 5 in Long Blades
  2403 | D:8      | Reached skill level 1 in Shields
  2403 | D:8      | Reached XP level 7. HP: 25/63 MP: 7/7
  2413 | D:8      | Slain by a wyvern

Illustrated notes

Levels and vault maps discovered:
D:1:      lightli_arrival_isolated_outpost, layout_basic
D:2:      layout_basic, ebering_ecumenical_altar_mist, minmay_box_of_dots
D:3:      layout_basic, serial_park_tiny_pond
D:4:      layout_cave_pods, elyvilon_altar_5, abandoned_shop
D:7:      layout_loops_cross, mainiacjoe_overflow_brackets,
          lemuel_temple_firewalk_b, gammafunk_ghost_grave,
          amcnicky_mini_corridor_feature, nicolae_good_shop, uniq_maggie
D:8:      layout_layer_cave, mrwooster_statue_mirror, uniq_grum, uniq_pikel
D:9:      layout_cross, amethyst_overflow_temple_binary, orc_david_3,
          serial_co_window_serial, co_window_paths_b, co_window_corner_a,
          co_window_of_opportunity_a, co_window_cross_1, co_window_corner_a,
          co_window_corner_b, co_window_broadway_c, co_window_cross_4,
          co_window_4corner_b, co_window_paths_d, glass_columns_a,
          glass_columns_a, uniq_psyche

Skill      XL: |  1  2  3  4  5  6  7 |
---------------+----------------------+-----
Long Blades    | 3 4 5 |  5.5
Fighting       | 3 4 |  4.2
Stealth        | 1 2 3 |  3.6
Armour         | 3 4 |  4.2
Dodging        | 2 |  2.1
Shields        | 1 |  1.1

Action                     |  1- 3 |  4- 6 |  7- 9 || total
---------------------------+-------+-------+-------++-------
  Melee: Falchion          |    97 |    69 |    11 ||   177
         Tailslap          |    14 |    12 |       ||    26
 Invoke: Berserk           |       |     1 |       ||     1
    Use: Scroll            |     4 |     4 |       ||     8
   Stab: Sleeping          |     1 |     3 |       ||     4
 Armour: Chain mail        |    22 |       |       ||    22
         Leather armour    |    28 |    31 |     5 ||    64
  Dodge: Dodged            |    34 |    31 |       ||    65
  Block: Buckler           |    28 |    18 |       ||    46
